 Dungeon Crawl Stone Soup version 0.29-a0-617-g7a6b98fccd (webtiles) character file.

Game seed: 1656426364880766301

17 Kaemin the Slasher (level 2, -2/27 HPs)
             Began as a Minotaur Berserker on June 18, 2022.
             Was a Follower of Trog.
             Slain by a gnoll
             ... wielding a +0 flail
              (11 damage)
             ... on level 1 of the Dungeon.
             The game lasted 00:01:38 (440 turns).

Kaemin the Slasher (Minotaur Berserker)              Turns: 440, Time: 00:01:38

Health: -2/27      AC:  2    Str: 21    XL:     2   Next: 44%
Magic:  1/1        EV: 12    Int:  4    God:    Trog [*.....]
Gold:   4          SH:  0    Dex:  9    Spells: 1/1 levels left

rFire   . . .      SeeInvis .   a - +0 falchion
rCold   . . .      Faith    .   (no shield)
rNeg    . . .      Spirit   .   b - +0 animal skin
rPois   .          Reflect  .   (helmet restricted)
rElec   .          Harm     .   (no cloak)
rCorr   .          Rampage  .   (no gloves)
Will    .....                   (no boots)
Stlth   +.........              (no amulet)
HPRegen 0.09/turn               (no ring)
MPRegen 0.07/turn               (no ring)

@: lethally poisoned (-2 -> -11)
A: horns 2, retaliatory headbutt
a: Renounce Religion, Berserk


You were on level 1 of the Dungeon.
You worshipped Trog.
Trog was aware of your devotion.
You visited 1 branch of the dungeon, and saw 1 of its levels.

You collected 4 gold pieces.

Inventory:

Hand Weapons
 a - a +0 falchion (weapon)
Armour
 b - a +0 animal skin (worn)
Scrolls
 c - a scroll of identify {unknown}


   Skills:
 + Level 4.0 Fighting
 + Level 4.2 Long Blades
 + Level 2.5 Armour
 + Level 2.3 Dodging


You had one spell level left.
You didn't know any spells.
Your spell library contained the following spells:

 Spells                   Type           Power      Damage    Failure   Level
 Sandblast                Erth           0%         2d4       50%         1


Dungeon Overview and Level Annotations

Branches:
Dungeon (1/15)

Altars:


Innate Abilities, Weirdness & Mutations

You have a pair of horns on your head.
You reflexively headbutt those who attack you in melee.


Message History

The gnoll shouts!
The gnoll moves out of view.
No target in view!
No target in view!
A kobold comes into view.
It is wielding a +2 short sword of venom.
The kobold shouts!
The kobold moves out of view.
A gnoll is nearby!
A quokka and a rat come into view.
The quokka moves out of view.
A kobold comes into view. It is wielding a +0 whip.
Found a hat.
The kobold hits you with a +2 short sword of venom.
You are poisoned.
The gnoll hits you with a +0 flail.
The kobold shouts!
You hit the gnoll but do no damage.
You feel very sick. The gnoll barely misses you.
The kobold hits you with a +2 short sword of venom.
You are lethally poisoned!
You closely miss the gnoll. Your headbutt misses the gnoll.
You feel very sick. The gnoll barely misses you. You furiously retaliate!
You headbutt the gnoll. The kobold barely misses you. You furiously retaliate!
You headbutt the kobold!
You kill the kobold!
Trog accepts your kill.
You are too injured to fight recklessly!
You are too injured to fight recklessly!
You are too injured to fight recklessly!
You are too injured to fight recklessly!
You are too injured to fight recklessly!
You are too injured to fight recklessly!
You are too injured to fight recklessly!
You don't know any spells.
You hit the gnoll.
The gnoll is severely wounded.
You feel very sick. The gnoll hits you with a +0 flail!
You die...

########### #.........##
##### #.#.......# ....#
#.#.####..# ....#
#.#.##.#..# ....#
#.#.##.#..# ##..#
#.#....#..#
.#..####.#.##.#.@#
##†...........#.gr......
....###########.....K.##
.#....... ...>..#..#
.#.#####. ####.......
##.. ...#.. ..#. ...#..[
##...# ...# .# #.. #


You could see a gnoll, a kobold and a rat.

Vanquished Creatures
  2 dart slugs (D:1)
  A ball python (D:1)
  2 bats (D:1)
  2 endoplasms (D:1)
  A giant cockroach (D:1)
  A goblin (D:1)
  A kobold (D:1)
  A rat (D:1)
11 creatures vanquished.

Vanquished Creatures (others)
  A fungus (D:1)
  A plant (D:1)
2 creatures vanquished.

Grand Total: 13 creatures vanquished

Notes
Turn   | Place    | Note
-------+----------+-------------------------------------------
     0 | D:1      | Kaemin the Minotaur Berserker began the quest for the Orb.
     0 | D:1      | Reached XP level 1. HP: 19/19 MP: 0/0
   105 | D:1      | Found a faded altar of an unknown god.
   121 | D:1      | Got Plato's Compendium of Clay
   334 | D:1      | Reached XP level 2. HP: 27/27 MP: 1/1
   440 | D:1      | Slain by a gnoll

Illustrated notes

Levels and vault maps discovered:
D:1:      beargit_arrival_diablo_church, layout_basic,
          shapermc_ecumenical_altar_rom_forum, minmay_misc_feat_nine_boxes,
          minmay_tall_x

Skill      XL: |  1  2 |
---------------+-------+-----
Fighting       | 4 |  4.0
Long Blades    | 4 |  4.2
Armour         | |  2.5
Dodging        | |  2.3

Action                   || total
-------------------------++-------
Melee: Falchion          ||    25
       Headbutt          ||     2
       Punch             ||     1
Armor: Animal skin       ||     6
Dodge: Dodged            ||    20

Table legend: (Time is in decaauts)
 A = Elapsed time spent in this place.
 B = Non-inter-level travel time spent in this place.
 C = Inter-level travel time spent in this place.
 D = Time resting spent in this place.
 E = Time spent auto-exploring this place.
 F = Levels seen in this place.
 G = Mean time per level.
                   A        B        C        D        E       F      G
               +--------+--------+--------+--------+--------+-----+--------+
         Total |    442 |    425 |     17 |      0 |    362 |   1 |  442.0 |
       Dungeon |    442 |    425 |     17 |      0 |    362 |   1 |  442.0 |
               +--------+--------+--------+--------+--------+-----+--------+

Top non-repeatable levels by time:
     D:1: 442 daAuts
